 Dungeon Crawl Stone Soup version 0.16-a0-3425-gb4a0a08 (webtiles) character file.

1657 Medar the Cutter (level 9, -4/55 HPs)
             Began as a Halfling Warper on Dec 31, 2014.
             Was a Believer of Zin.
             Slain by a killer bee (5 damage)
             ... on level 7 of the Dungeon.
             The game lasted 00:54:06 (10537 turns).

Medar the Cutter (Halfling Warper)                 Turns: 10537, Time: 00:54:06

Health: -4/55      AC:  4    Str: 18    XL:     9   Next: 20%
Magic:  1/16       EV: 15    Int: 22    God:    Zin [**....]
Gold:   425        SH:  7    Dex: 16    Spells: 5 memorised, 1 level left

rFire  . . .     SeeInvis +     A - +2 dagger (venom)
rCold  . . .     Clarity  +     i - +0 leather armour
rNeg   . . .     SustAb   .     I - +0 buckler
rPois  ∞         Gourm    .     (no helmet)
rElec  .         Spirit   .     (no cloak)
rCorr  .         Warding  .     (no gloves)
rMut   .         Stasis   .     u - +0 pair of boots
MR     .....                    p - amulet of clarity
Stlth  +.........               (no ring)
                                (no ring)

@: mighty, brilliant, lethally poisoned, vitalised, not resistant to hostile
enchantments, very unstealthy
A: see invisible, mutation resistance 1
a: Recite, Vitalisation, Renounce Religion


You were on level 7 of the Dungeon.
You worshipped Zin.
Zin was pleased with you.
You were not hungry.

You visited 3 branches of the dungeon, and saw 10 of its levels.

You collected 472 gold pieces.
You donated 47 gold pieces to Zin.

Inventory:

Hand weapons
 a - a +0 short sword
 b - a +2 hunting sling of flaming
 k - a +4 whip of distortion
 A - a +2 dagger of venom (weapon)
 K - a +3 dagger
Missiles
 h - 34 sling bullets
 v - 181 stones (quivered)
 w - 7 poisoned needles
 x - a throwing net {=f =F}
 y - 13 steel sling bullets
Armour
 i - a +0 leather armour (worn)
 r - a +0 ring mail
 u - a +0 pair of boots (worn)
 I - a +0 buckler (worn)
Jewellery
 p - an amulet of clarity (around neck)
 B - an uncursed amulet of stasis
Magical devices
 t - a wand of confusion (0)
 M - a wand of disintegration (14)
Scrolls
 m - a scroll of silence {unknown}
 z - a scroll of fog {unknown}
 C - a scroll of amnesia
 D - 2 scrolls of recharging
 H - a scroll of immolation
 J - a scroll of magic mapping {unknown}
 N - 2 scrolls of noise
 O - a scroll of remove curse {@r1}
Potions
 g - a potion of degeneration {unknown}
 j - a potion of restore abilities
 l - 2 potions of resistance
 F - a potion of brilliance
 L - a potion of cancellation
Books
 c - a book of Spatial Translocations

   Spells                             Type                      Level
   a - Apportation                    Translocation                1
   b - Blink                          Translocation                2
   c - Shroud of Golubria             Charms/Translocation         2
   d - Portal Projectile              Translocation                3
   e - Teleport Other                 Translocation                3
   f - Passage of Golubria            Translocation                4
 n - a book of Enchantments

   Spells                             Type                      Level
   a - Tukima's Dance                 Hexes                        3
   b - Cause Fear                     Hexes                        4
   c - Silence                        Hexes/Air                    5
   d - Deflect Missiles               Charms/Air                   6
   e - Haste                          Charms                       6
   f - Discord                        Hexes                        8
Comestibles
 f - 5 bread rations
 s - a royal jelly
 G - 2 meat rations


   Skills:
 - Level 2.7 Fighting
 + Level 6.9 Short Blades
 - Level 4.5(4.7) Slings
 - Level 1.3(3.0) Throwing
 - Level 1.1 Armour
 - Level 3.2 Dodging
 - Level 6.5 Shields
 - Level 2.1 Spellcasting
 - Level 1.9 Charms
 - Level 5.1 Translocations
 - Level 4.3 Invocations


You had one spell level left.
You knew the following spells:

 Your Spells              Type           Power        Failure   Level  Hunger
d - Teleport Other        Tloc           #####...     1%          3    ###....
o - Apportation           Tloc           #####.....   1%          1    #......
r - Shroud of Golubria    Chrm/Tloc      ####......   1%          2    ##.....
w - Blink                 Tloc           N/A          1%          2    ##.....
x - Portal Projectile     Tloc           #####.       1%          3    ###....


Dungeon Overview and Level Annotations

Branches:
Dungeon (8/15)             Temple (1/1) D:5            Lair (1/8) D:8

Altars:
Ashenzari
Cheibriados
Dithmenos
Elyvilon
Fedhas
Gozag
Kikubaaqudgha
Makhleb
Nemelex Xobeh
Okawaru
Qazlal
Ru
Sif Muna
Trog
Vehumet
Xom
Yredelemnul
Zin
The Shining One


Innate Abilities, Weirdness & Mutations

You are small and have problems with some larger weapons.
You are somewhat resistant to further mutation.
You have supernaturally acute eyesight.


Message History

You feel sick.
Drink which item? (? for menu, Esc to quit)
Okay, then.
Use which ability? (? or * to list) Zin grants you divine stamina.
You feel somewhat less hungry. The killer bee stings you.
* * * LOW HITPOINT WARNING * * *
Your divine stamina protects you from poison!
Casting: Blink
Confirm with . or Enter, or press ? or * to list all spells.
You blink.
Read which item? (? for menu, Esc to quit)
Okay, then.
Drink which item? (? for menu, Esc to quit)
It was a potion of brilliance.
You feel clever all of a sudden. The killer bee stings you.
* * * LOW HITPOINT WARNING * * *
The killer bee stings you.
You die...

##....# #.....# #.....#
#.....# ########..§.#
#......#..[.#
#......#....#
#......#..yy#
#......s.5.@#
######......#....#
.....†####+##...##########
>.....#.........#........#
......#.........#........#
......+.........'........#
......##+####...#........#
............#...#........#
............#...#........#


You could see 2 killer bees, a quasit and a giant cockroach.

Vanquished Creatures
  A sky beast (D:5)
  2 ogres (D:5)
  2 centaurs
  A phantom (D:6)
  2 giant frogs
  A killer bee (D:7)
  An electric eel (Lair:1)
  3 scorpions
  3 crimson imps
  A goliath beetle (D:6)
  A giant frog skeleton (D:4)
  2 hounds
  An orc wizard (D:3)
  5 worker ants
  A hound skeleton (D:5)
  A hound zombie (D:5)
  Terence (D:3)
  4 gnolls
  A worker ant zombie (D:5)
  13 adders
  2 giant mites (D:4)
  2 shadow imps
  2 worms
  2 adder zombies (D:5)
  2 oozes
  20 orcs
  A ball python (D:1)
  A bat skeleton (D:4)
  6 giant cockroaches
  15 goblins
  16 hobgoblins
  5 jackals
  19 bats
  5 giant geckos
  A giant gecko zombie (D:5)
  A giant spore (D:8)
  10 kobolds
  2 quokkas (D:3)
  A quokka skeleton (D:4)
  15 rats
175 creatures vanquished.

Vanquished Creatures (others)
  An adder (D:8)
  A rat (D:8)
  8 fungi
  A plant (D:8)
11 creatures vanquished.

Grand Total: 186 creatures vanquished

Notes
Turn   | Place    | Note
--------------------------------------------------------------
     0 | D:1      | Medar, the Halfling Warper, began the quest for the Orb.
     0 | D:1      | Reached XP level 1. HP: 14/14 MP: 2/2
   188 | D:1      | Reached XP level 2. HP: 10/19 MP: 3/3
   192 | D:1      | Learned a level 2 spell: Blink
   486 | D:1      | Reached skill level 4 in Translocations
   712 | D:1      | Reached XP level 3. HP: 17/24 MP: 5/5
   716 | D:1      | Learned a level 2 spell: Shroud of Golubria
  1453 | D:2      | Found a shimmering altar of Xom.
  1533 | D:2      | Reached XP level 4. HP: 22/29 MP: 4/6
  1822 | D:3      | Noticed Terence
  1851 | D:3      | Killed Terence
  2013 | D:3      | Reached skill level 5 in Translocations
  2013 | D:3      | Reached XP level 5. HP: 14/34 MP: 4/7
  2386 | D:3      | Reached skill level 5 in Short Blades
  2594 | D:3      | Reached skill level 1 in Slings
  3301 | D:3      | Reached XP level 6. HP: 39/39 MP: 9/9
  3498 | D:4      | Reached skill level 1 in Charms
  3841 | D:4      | Reached skill level 1 in Shields
  4148 | D:4      | Reached XP level 7. HP: 44/44 MP: 10/10
  4671 | D:5      | Entered Level 5 of the Dungeon
  5076 | D:5      | Reached skill level 5 in Shields
  5125 | D:5      | Found a shadowy altar of Dithmenos.
  5582 | D:5      | Reached XP level 8. HP: 28/49 MP: 8/11
  5878 | D:5      | Reached skill level 6 in Shields
  5886 | D:5      | Learned a level 3 spell: Portal Projectile
  5896 | D:5      | Gained mutation: You have supernaturally acute eyesight. [mutagenic meat]
  5934 | D:5      | Found a staircase to the Ecumenical Temple.
  5944 | Temple   | Entered the Ecumenical Temple
  6095 | Temple   | Became a worshipper of Zin the Law-Giver
  6095 | Temple   | Acquired Zin's first power
  6611 | D:5      | Acquired Zin's second power
  7568 | D:6      | Found a bloodstained altar of Trog.
  8669 | D:6      | Reached XP level 9. HP: 14/54 MP: 10/15
  8881 | D:6      | Learned a level 3 spell: Teleport Other
  9518 | D:8      | Found a staircase to the Lair.
  9540 | Lair:1   | Entered Level 1 of the Lair of Beasts
 10421 | Lair:1   | Noticed a spiny frog
 10535 | D:7      | HP: 2/55 [killer bee (4)]
 10537 | D:7      | Slain by a killer bee

Action                   |  1- 3 |  4- 6 |  7- 9 || total
-------------------------+-------+-------+-------++-------
Melee: Short sword       |   170 |   347 |   586 ||  1103
       Dagger            |       |       |     6 ||     6
 Fire: Hunting sling     |    12 |    23 |   147 ||   182
Throw: Tomahawk          |       |     2 |     3 ||     5
       Throwing net      |       |       |     1 ||     1
 Cast: Shroud of Golubri |     1 |    14 |    19 ||    34
       Blink             |       |     9 |    31 ||    40
       Teleport Other    |       |       |     3 ||     3
Invok: Vitalisation      |       |       |     6 ||     6
Evoke: Wand              |       |     7 |     4 ||    11
  Use: Potion            |       |     3 |     7 ||    10
       Scroll            |       |     6 |     7 ||    13
  Eat: Chunk             |     2 |    11 |    13 ||    26
       Meat ration       |       |       |     2 ||     2
       Pizza             |       |       |     1 ||     1
       Beef jerky        |       |       |     1 ||     1
